 Dungeon Crawl Stone Soup version 0.24-a0-244-ga6a6ab7d13 (webtiles) character file.

Game seed: 11315358166381353273

931 Redear the Sneak (level 8, -3/84 HPs)
             Began as an Octopode Berserker on Apr 11, 2019.
             Was a Priest of Trog.
             Slain by a sky beast (5 damage)
             ... on level 6 of the Dungeon.
             The game lasted 00:09:34 (4646 turns).

Redear the Sneak (Octopode Berserker)               Turns: 4646, Time: 00:09:34

Health: -3/84      AC:  1    Str: 21    XL:     8   Next: 11%
Magic:  8/8        EV: 16    Int:  7    God:    Trog [***...]
Gold:   353        SH:  0    Dex: 14    Spells: 7/7 levels left

rFire    . . .     SeeInvis .   a - +0 falchion
rCold    . . .     Gourm    .   (no shield)
rNeg     . . .     Faith    .   (helmet restricted)
rPois    .         Spirit   .   (no amulet)
rElec    .         Reflect  .   (no ring)
rCorr    .         Harm     .   (no ring)
MR       .....     Clarity  +   (no ring)
Stlth    ..........             (no ring)
HPRegen  0.24/turn              (no ring)
MPRegen  0.11/turn              (no ring)
                                (no ring)
                                (no ring)

@: berserking, very quick
A: almost no armour, stealthy swim, amphibious, 8 rings, constrict 8, camouflage
1, clarity, dopey 1, gelatinous body 1
a: Berserk, Trog's Hand, Renounce Religion


You were on level 6 of the Dungeon.
You worshipped Trog.
Trog was most pleased with you.
You were very hungry.

You visited 1 branch of the dungeon, and saw 6 of its levels.

You collected 353 gold pieces.

Inventory:

Hand Weapons
 a - a +0 falchion (weapon)
 d - a +0 short sword
 i - a cursed -3 dagger
Missiles
 y - 16 poisoned needles
 B - 16 sling bullets
 C - 24 arrows
Magical Staves
 o - an uncursed staff of wizardry {Wiz+}
Jewellery
 b - an uncursed amulet of guardian spirit {unknown}
 e - a +2 ring of intelligence {unknown}
 r - an uncursed ring of ice {unknown}
Wands
 v - a wand of disintegration (17)
 A - a wand of random effects (20)
 P - a wand of paralysis (15)
Scrolls
 f - a scroll of teleportation {unknown}
 g - a scroll of amnesia {unknown}
 h - 4 scrolls of enchant weapon {unknown}
 j - 9 scrolls of identify {unknown}
 k - a scroll of remove curse {unknown}
 m - a scroll of blinking {unknown}
 p - a scroll of fear {unknown}
 t - a scroll of magic mapping {unknown}
 u - a scroll of fog {unknown}
 w - a scroll of enchant armour {unknown}
Potions
 c - a potion of brilliance {Archmagi Int+5 Wiz++}
 l - 2 potions of flight
 n - a potion of lignification {unknown}
 q - a potion of might {unknown}
 s - 2 potions of degeneration {!q}
 x - a potion of berserk rage {unknown}
Comestibles
 z - 5 rations


   Skills:
 + Level 5.4 Fighting
 + Level 5.4 Long Blades
 + Level 5.4 Dodging
 - Level 6.1 Stealth


You had 7 spell levels left.
You didn't know any spells.
Your spell library was empty.

Dungeon Overview and Level Annotations

Branches:
Dungeon (6/15)
 Temple: D:4-7

Altars:
Ashenzari
Elyvilon
Hepliaklqana
Kikubaaqudgha
Qazlal
Trog
Zin

Shops:
D:4 (

Annotations:
D:5 2 transporters


Innate Abilities, Weirdness & Mutations

You cannot wear most types of armour.
You are very stealthy in the water. (Stealth+)
You are amphibious.
You can wear up to eight rings at the same time.
You can use your tentacles to constrict eight enemies at once.
Your skin changes colour to match your surroundings (Stealth+).
Your rubbery body absorbs attacks. (AC +1, EV +1)
You possess an exceptional clarity of mind.
You are dopey. (Int -2)


Message History

You take 9 damage, and have 17/84 hp.
You closely miss the sky beast.
The sky beast is almost dead.
The sky beast flickers out of sight!
Deactivating autopickup; reactivate with Ctrl-A.
Something hits you.
* * * LOW HITPOINT WARNING * * *
Something shocks you.
* * * LOW HITPOINT WARNING * * *
You take 8 damage, and have 9/84 hp.
You barely miss something. You miss something. Something hits you.
* * * LOW HITPOINT WARNING * * *
Something shocks you.
* * * LOW HITPOINT WARNING * * *
You take 7 damage, and have 3/84 hp.
You miss something. Something hits you.
* * * LOW HITPOINT WARNING * * *
Something shocks you.
You die...

##........#
##.....### .#
##....# ..# #...##
#..# ##....# #..#
##.....## #..#
##...#...##
#..###...####..##
#....@{#....#..##
#.....########..##
##...## ##..##
##..# ##..## ##..#
##.<# ##...## ##.#
##..##.# #.#
#.###### .## ### #


There were no monsters in sight!

Vanquished Creatures
  A phantom (D:4)
  An ogre (D:4)
  2 centaurs
  2 scorpions (D:5)
  2 crimson imps (D:5)
  2 hounds
  2 orc priests
  Ijyb (D:4)
  3 worker ants
  A hound skeleton (D:4)
  4 gnolls (D:2)
  4 adders
  2 shadow imps (D:5)
  5 oozes
  2 worms (D:3)
  4 dart slugs (D:1)
  A leopard gecko (D:2)
  17 orcs
  A ball python (D:3)
  4 giant cockroaches
  5 goblins
  3 hobgoblins
  5 jackals
  2 quokkas
  3 bats
  2 frilled lizards (D:3)
  10 kobolds
  15 rats
106 creatures vanquished.

Vanquished Creatures (others)
  5 toadstools (D:2)
5 creatures vanquished.

Grand Total: 111 creatures vanquished

Notes
Turn   | Place    | Note
-------+----------+-------------------------------------------
     0 | D:1      | Redear the Octopode Berserker began the quest for the Orb.
     0 | D:1      | Reached XP level 1. HP: 16/16 MP: 1/1
    84 | D:1      | Reached skill level 1 in Stealth
    84 | D:1      | Reached XP level 2. HP: 16/21 MP: 2/2
   329 | D:1      | Reached XP level 3. HP: 26/26 MP: 3/3
  1020 | D:2      | Reached skill level 2 in Stealth
  1043 | D:2      | HP: 2/26 [poisoned by a worker ant]
  1367 | D:2      | Reached XP level 4. HP: 31/31 MP: 4/4
  1410 | D:2      | Found a hazy altar of Hepliaklqana.
  1474 | D:2      | Reached skill level 3 in Stealth
  1474 | D:2      | Reached XP level 5. HP: 23/37 MP: 5/5
  1605 | D:2      | Noticed a moth of wrath
  1608 | D:2      | Found a bloodstained altar of Trog.
  1613 | D:2      | Reached ** piety under Trog
  2202 | D:3      | Reached skill level 4 in Dodging
  2207 | D:3      | Reached skill level 4 in Fighting
  2219 | D:3      | Reached skill level 4 in Long Blades
  2246 | D:3      | Found a white marble altar of Elyvilon.
  2540 | D:3      | Found an ancient bone altar of Kikubaaqudgha.
  2629 | D:4      | Noticed an ogre
  2638 | D:4      | Killed an ogre
  2638 | D:4      | Reached skill level 4 in Stealth
  2638 | D:4      | Reached XP level 6. HP: 37/43 MP: 6/6
  2687 | D:4      | Reached *** piety under Trog
  2847 | D:4      | Noticed Ijyb
  2856 | D:4      | Killed Ijyb
  3028 | D:4      | Found Semoll's Weapon Emporium.
  3568 | D:5      | Entered Level 5 of the Dungeon
  3568 | D:5      | Noticed a phantom
  3602 | D:4      | Gained mutation: You are dopey. (Int -2) [potion of
                  | mutation]
  3602 | D:4      | Gained mutation: You possess an exceptional clarity of
                  | mind. [potion of mutation]
  3625 | D:4      | Killed a phantom
  3625 | D:4      | Reached skill level 5 in Stealth
  3625 | D:4      | Reached XP level 7. HP: 14/49 MP: 7/7
  3860 | D:5      | Found a transporter.
  3867 | D:5      | Noticed a yak
  3959 | D:5      | Found a transporter.
  4185 | D:5      | Found a shattered altar of Ashenzari.
  4352 | D:5      | Found a stormy altar of Qazlal.
  4391 | D:5      | Found a glowing silver altar of Zin.
  4449 | D:5      | Reached skill level 5 in Fighting
  4449 | D:5      | Reached skill level 5 in Long Blades
  4449 | D:5      | Reached skill level 5 in Dodging
  4477 | D:5      | HP: 5/50 [poisoned by a scorpion]
  4593 | D:6      | Reached skill level 6 in Stealth
  4593 | D:6      | Reached XP level 8. HP: 29/55 MP: 8/8
  4645 | D:6      | HP: 8/84 [something (2)]
  4645 | D:6      | HP: 3/84 [something (5)]
  4646 | D:6      | Slain by a sky beast

Levels and vault maps discovered:
D:1:      sevenhm_arrival_forest_fort_large_2, layout_basic, serial_forest,
          infiniplex_forest_lined_3, infiniplex_forest_clump_diagonal,
          infiniplex_forest_clump_long, infiniplex_forest_straight_1,
          infiniplex_forest_clump_small, infiniplex_forest_zigzag_2,
          infiniplex_forest_lined_room_3, infiniplex_forest_lined_2,
          minmay_pentomino_s4
D:2:      layout_basic, lemuel_crystal_altar, minmay_gold_behind_fungi, tgw_trog
D:3:      layout_rooms, nicolae_overflow_hidden_temple,
          lemuel_coloured_pillars_altar, patterned_corridor
D:4:      layout_basic, serial_shops, nicolae_shop_crystal, uniq_ijyb
D:5:      minmay_chambers_of_fours, layout_cave_pools, lemuel_doored_altar,
          zin_scriptorium, gammafunk_temple_overflow_arena, first_ration
D:6:      layout_layer_cave, lemuel_round_altar, overflow_temple_1_default,
          marbit_many_paths, minmay_temple_entry_statues_fountains

Skill      XL: |  1  2  3  4  5  6  7 |
---------------+----------------------+-----
Stealth        | 1 2 3 4 5 6 |  6.1
Dodging        | 4 5 |  5.4
Fighting       | 4 5 |  5.4
Long Blades    | 4 5 |  5.4

Action                   |  1- 3 |  4- 6 |  7- 9 || total
-------------------------+-------+-------+-------++-------
Melee: Falchion          |     8 |       |    40 ||    48
       Constrict         |    13 |    30 |    11 ||    54
       Tentacles         |     9 |    30 |    14 ||    53
       Short sword       |    30 |   143 |    22 ||   195
Invok: Berserk           |     2 |     3 |     3 ||     8
       Trog's Hand       |       |     2 |     2 ||     4
  Use: Potion            |       |     5 |       ||     5
 Stab: Sleeping          |     5 |    18 |     2 ||    25
  Eat: Chunk             |     2 |     9 |     2 ||    13
       Ration            |       |     1 |     1 ||     2
Armor: Skin              |     1 |    12 |     1 ||    14
Dodge: Dodged            |    22 |    69 |    37 ||   128
       Rpst.: Falchion   |     4 |       |     8 ||    12

Table legend:
 A = Non-vault XP
 B = Vault XP
 C = Vault XP percentage of total XP
 D = Non-vault monster count
 E = Vault monster count
 F = Vault count percentage of total count
                 A         B        C        D         E       F
            +---------+---------+-------+---------+---------+-------
      Total |    1153 |     178 |  13.4 |      91 |      15 |  14.2
            +---------+---------+-------+---------+---------+-------
        D:1 |      31 |      13 |  29.5 |      16 |       4 |  20.0
        D:2 |     128 |       5 |   3.8 |      15 |       5 |  25.0
        D:3 |     121 |       0 |   0.0 |      31 |       0 |   0.0
        D:4 |     393 |      36 |   8.4 |      15 |       1 |   6.2
        D:5 |     335 |     124 |  27.0 |      12 |       5 |  29.4
        D:6 |     145 |       0 |   0.0 |       2 |       0 |   0.0
            +---------+---------+-------+---------+---------+-------
